 Dungeon Crawl Stone Soup version 0.15-a0-767-g2ec6ac8 (webtiles) character file.

312 Nestromo the Covered (level 6, -2/49 HPs)
             Began as a Formicid Fighter on July 29, 2014.
             Slain by a gnoll
             ... wielding a +0,+0 spear
              (7 damage)
             ... on Level 4 of the Dungeon.
             The game lasted 00:20:14 (2996 turns).

Nestromo the Covered (Formicid Fighter)             Turns: 2996, Time: 00:20:14

HP  -2/49        AC  8     Str 27      XL: 6   Next: 70%
MP   8/8         EV  8     Int  7      God:
Gold 108         SH 21     Dex 11      Spells:  0 memorised,  5 levels left

rFire  + . .     SeeInvis +     a - +1 trident
rCold  + . .     Clarity  .     b - +1 scale mail
rNeg   . . .     Conserve .     c - +0 shield
rPois  +         rCorr    .     (helmet unavailable)
rElec  +         rRot     .     (no cloak)
SustAb . .       Spirit   .     (no gloves)
rMut   .         Warding  .     (no boots)
Gourm  .         Stasis   +     (no amulet)
MR     .....                    (no ring)
                                (no ring)

@: mighty, not resistant to hostile enchantments, extremely unstealthy
A: permanent stasis, dig shafts and tunnels, four strong arms, antennae 3
a: Dig, Shaft Self


You were on level 4 of the Dungeon.
You were not hungry.

You visited 1 branch of the dungeon, and saw 4 of its levels.

You collected 108 gold pieces.

Inventory:

Hand weapons
 a - a +1,+1 trident (weapon)
Armour
 b - a +1 scale mail (worn)
 c - a +0 shield (worn)
Comestibles
 d - a bread ration
 f - 2 meat rations
 j - 12 strawberries
Scrolls
 g - 5 scrolls of identify
Potions
 h - a potion of cure mutation
 i - a potion of haste


   Skills:
 + Level 4.5 Fighting
 + Level 3.2 Polearms
 + Level 4.9 Armour
 + Level 2.1 Dodging
 + Level 0.6 Stealth
 + Level 4.5 Shields


You had 5 spell levels left.
You didn't know any spells.

Dungeon Overview and Level Annotations

Branches:
Dungeon (4/15)
 Temple: D:4-7

Altars:
Makhleb
Yredelemnul

Annotations:
D:3 exclusion: inept feature mimic


Innate Abilities, Weirdness & Mutations

Your are under a permanent stasis effect.
You can dig through walls and to a lower floor.
Your four strong arms can wield two-handed weapons with a shield.
You have a pair of large antennae on your head (SInv).


Message History

You closely miss the adder.
The adder is almost dead.
You block the adder's attack. You block the gnoll's attack.
The adder closely misses you.
You hit the adder.
You kill the adder!
You block the gnoll's attack.
Attack whom?
Press: ? - help, Dir - move target cursor, f - gnoll
Aim: a gnoll, wielding a spear You reach to attack!
Your shield prevents you from hitting the gnoll.
You block the gnoll's attack. The gnoll barely misses you.
You barely miss the gnoll. The gnoll hits you with a whip.
* * * LOW HITPOINT WARNING * * *
The gnoll hits you but does no damage.
You impale the gnoll!!
You kill the gnoll!
The gnoll hits you from afar with a spear!
You die...

#...........?.%.........#
#####...#####...#.####..
##.## ###...# ########.#
##.## .........### .#
###........# ###.#####
#.######.#####......... #
#.........[# ###.###@##.#
#.# #)# #.# #g. #.# #...
#.# #.... #.# #.#... #..
....... ### ...... ..#


You could see a gnoll.

Vanquished Creatures
  A gnoll shaman (D:4)
  An orc priest (D:3)
  An iguana (D:4)
  A worker ant (D:4)
  Ijyb (D:2)
  7 gnolls
  5 adders
  A worm (D:2)
  3 giant geckos
  An ooze (D:2)
  2 orcs (D:3)
  6 bats
  10 goblins
  7 hobgoblins
  5 kobolds
  A quokka (D:3)
  A ball python (D:1)
  2 giant newts (D:1)
  3 jackals (D:3)
  11 rats
  A rat skeleton (D:4)
  A spectral orc (D:3)
  2 plants (D:2)
74 creatures vanquished.

Notes
Turn   | Place    | Note
--------------------------------------------------------------
     0 | D:1      | Nestromo, the Formicid Fighter, began the quest for the Orb.
     0 | D:1      | Reached XP level 1. HP: 18/18 MP: 1/1
   239 | D:1      | Reached XP level 2. HP: 22/24 MP: 3/3
   644 | D:2      | Noticed Ijyb
   661 | D:2      | Killed Ijyb
   661 | D:2      | Reached XP level 3. HP: 16/30 MP: 4/4
  1041 | D:2      | Reached skill level 4 in Armour
  1041 | D:2      | Reached XP level 4. HP: 18/37 MP: 5/5
  1044 | D:2      | Reached skill level 1 in Dodging
  2293 | D:3      | Reached XP level 5. HP: 42/42 MP: 7/7
  2462 | D:3      | Found a burning altar of Makhleb.
  2577 | D:3      | Found a basalt altar of Yredelemnul.
  2904 | D:4      | Reached XP level 6. HP: 47/49 MP: 8/8
  2996 | D:4      | Slain by a gnoll

Action                   |  1- 3 |  4- 6 || total
-------------------------+-------+-------++-------
Melee: Trident           |   138 |   176 ||   314
 Abil: Dig               |     1 |       ||     1
  Use: Scroll            |     1 |     7 ||     8
       Potion            |     4 |     6 ||    10
